 Dungeon Crawl Stone Soup version 0.22-a0-525-gf69a080 (webtiles) character file.

11 worryfever the Insei (level 2, 0/22 HPs)
             Began as a Demigod Transmuter on June 22, 2018.
             Succumbed to an adder's poison
             ... on level 2 of the Dungeon.
             The game lasted 00:09:59 (1384 turns).

worryfever the Insei (Demigod Transmuter)           Turns: 1384, Time: 00:09:59

Health: 0/22       AC:  2    Str: 13    XL:     2   Next: 6%
Magic:  6/7        EV: 13    Int: 17    God:
Gold:   49         SH:  0    Dex: 16    Spells: 3/4 levels left

rFire    . . .     SeeInvis .   c - +0 spear
rCold    . . .     Gourm    .   (no shield)
rNeg     . . .     Faith    .   b - +0 robe
rPois    .         Spirit   .   (no helmet)
rElec    .         Reflect  .   (no cloak)
rCorr    .         Harm     .   (no gloves)
MR       .....                  (boots currently unavailable)
Stlth    ++........             (no amulet)
HPRegen  0.07/turn              (no ring)
MPRegen  0.10/turn              (no ring)

@: lethally poisoned (0 -> -6), appendage
A: talons 3, high mp 1
a: End Transformation


You were on level 2 of the Dungeon.
You were not hungry.
You had grown temporary talons.
You visited 1 branch of the dungeon, and saw 2 of its levels.

You collected 49 gold pieces.

Inventory:

Hand Weapons
 c - a +0 spear (weapon)
 g - a +0 club
Missiles
 a - 12 arrows
Armour
 b - a +0 robe (worn)
 f - a +0 robe


   Skills:
 + Level 0.8 Fighting
 + Level 2.1 Dodging
 + Level 0.2 Stealth
 + Level 3.0 Unarmed Combat
 + Level 1.8 Spellcasting
 + Level 1.8 Transmutations


You had 3 spell levels left.
You knew the following spells:

 Your Spells              Type           Power        Failure   Level  Hunger
a - Beastly Appendage     Tmut           #.....       10%         1    #......

Your spell library contained the following spells:

 Spells                   Type           Power        Failure   Level  Hunger
 Spider Form              Tmut/Pois      #.........   38%         3    ###....
 Blade Hands              Tmut           #.........   95%         5    ######.
 Ice Form                 Ice/Tmut       #.......     80%         4    #####..
 Sticks to Snakes         Tmut           #.......     14%         2    ###....


Dungeon Overview and Level Annotations

Branches:
Dungeon (2/15)


Innate Abilities, Weirdness & Mutations

You have an increased reservoir of magic. (+10% MP)
You have claws for feet.


Message History

The giant cockroach is moderately wounded.
The giant cockroach bites you.
* * * LOW HITPOINT WARNING * * *
You hit the giant cockroach.
You punch the giant cockroach, but do no damage.
The giant cockroach is heavily wounded.
The giant cockroach barely misses you. The worm barely misses you.
You hit the giant cockroach.
You kill the giant cockroach!
The worm barely misses you.
You see here a giant cockroach corpse.
You see here 3 gold pieces.
Casting: Beastly Appendage (safe; 10% risk of failure)
Confirm with . or Enter, or press ? or * to list all spells.
Your feet morph into talons.
The adder bites you.
* * * LOW HITPOINT WARNING * * *
You are lethally poisoned!
The adder poisons you!
You eat the ration.
That ration really hit the spot!
You die...

#.. #. #####.. #
..# ...#%# . ...#
#.#.##.###..
###....##r...
#..........#
##.######.##..S##r#
..............@wbr#
.......<..###.#####
.########## #...
#####


You could see a worm, an adder, a quokka, a bat and a rat.

Vanquished Creatures
  A leopard gecko (D:1)
  2 bats (D:1)
  4 giant cockroaches
  3 rats (D:1)
  7 plants (D:1)
17 creatures vanquished.

Notes
Turn   | Place    | Note
-------+----------+-------------------------------------------
     0 | D:1      | worryfever the Demigod Transmuter began the quest for the Orb.
     0 | D:1      | Reached XP level 1. HP: 15/15 MP: 5/5
   192 | D:1      | Reached skill level 3 in Unarmed Combat
  1365 | D:2      | Reached XP level 2. HP: 22/22 MP: 7/7
  1383 | D:2      | HP: 1/22 [adder (2)]
  1384 | D:2      | Succumbed to an adder's poison

Vault maps used:
D:1:      dpeg_arrival_simpleton_c, corexii_corridor_pit, minmay_misc_feat_iff,
          serial_bayou_pond_c
D:2:      first_ration, minmay_vboxes

Skill      XL: |  1 |
---------------+----+-----
Dodging        | 2 |  2.1
Unarmed Combat | 3 |  3.0
Fighting       | |  0.8
Stealth        | |  0.2
Spellcasting   | |  1.8
Transmutations | |  1.8

Action                   || total
-------------------------++-------
Melee: Unarmed           ||   591
       Punch             ||    19
       Spear             ||    16
 Cast: Beastly Appendage ||     2
  Use: Potion            ||     4
       Scroll            ||     2
  Eat: Ration            ||     2
Armor: Robe              ||     7
Dodge: Dodged            ||    45

Table legend:
 A = Spawn XP
 B = Non-spawn XP
 C = Spawn XP percentage of total XP
 D = Spawn monster count
 E = Non-spawn monster count
 F = Spawn count percentage of total count
 G = Total turns spent on level
                    A         B        C        D         E        F      G
               +---------+---------+-------+---------+---------+-------+---------
         Total |       0 |      17 |   0.0 |       0 |      10 |   0.0 |  1384
               +---------+---------+-------+---------+---------+-------+---------
           D:1 |       0 |      13 |   0.0 |       0 |       8 |   0.0 |  1352
           D:2 |       0 |       4 |   0.0 |       0 |       2 |   0.0 |    32
               +---------+---------+-------+---------+---------+-------+---------
